 Dungeon Crawl Stone Soup version 0.31-a0-1206-g41278d8d1d (console) character file.

Game seed: 17483977785050184283

2985 juliuscaesar the Sneak (level 10, -2/76 HPs)
             Began as a Formicid Delver on Dec 14, 2023.
             Was an Initiate of Vehumet.
             Slain by a manticore (15 damage)
             ... on level 12 of the Dungeon on Dec 18, 2023.
             The game lasted 00:39:36 (11219 turns).

juliuscaesar the Sneak (Formicid Delver)           Turns: 11219, Time: 00:39:36

Health: -2/76      AC:  4    Str: 23    XL:     10   Next: 9%
Magic:  20/20      EV: 14    Int: 14    God:    Vehumet [......]
Gold:   36         SH:  0    Dex: 18    Spells: 22/22 levels left

rFire   x . .        r - +2 dire flail (holy)
rCold   + + +        (no shield)
rNeg    . . .        n - +1 leather armour "Exerch" {rPois rF- rC+++ Dex+3}
rPois   +            (helmet unavailable)
rElec   .            (no cloak)
rCorr   .            (no gloves)
SInv    +            (no boots)
Will    +....        (no amulet)
Stlth   +++          e - +6 ring of strength
HPRegen 0.32/turn    p - ring of flight
MPRegen 0.17/turn

%: no passive effects
@: flying
A: permanent stasis, dig shafts and tunnels, antennae 3, four strong arms
a: Dig, Shaft Self, Renounce Religion


You were on level 12 of the Dungeon.
You worshipped Vehumet.
Vehumet was noncommittal.
You visited 2 branches of the dungeon, and saw 12 of its levels.

You collected 166 gold pieces.
You spent 130 gold pieces at shops.

Inventory:

Hand Weapons
 a - a +0 quarterstaff
 b - a +1 orcbow of freezing
 o - a +0 triple crossbow
 r - a +2 dire flail of holy wrath (weapon)
 w - a +0 whip of flaming
Missiles
 x - 9 poisoned darts (quivered)
Armour
 n - the +1 leather armour "Exerch" (worn) {rPois rF- rC+++ Dex+3}
   (You found it on level 2 of the Dungeon)

   Dex+3:     It affects your dexterity (+3).
   rF-:       It makes you vulnerable to fire.
   rC+++:     It renders you almost immune to cold.
   rPois:     It protects you from poison
 q - a +0 scale mail
Jewellery
 e - a +6 ring of strength (left hand)
 p - a ring of flight (right hand)
Wands
 f - a wand of digging (3)
 u - a wand of flame (22)
 y - a wand of roots (7)
Scrolls
 c - 3 scrolls of fog
 d - 6 scrolls of revelation
 g - a scroll of immolation
 h - a scroll of silence
 i - a scroll of identify
Potions
 j - a potion of berserk rage {unknown}
 k - a potion of enlightenment {unknown}
 s - 2 potions of mutation {unknown}


   Skills:
 * Level 5.8 Fighting
 - Level 2.0(2.6) Maces & Flails
 - Level 2.6(3.0) Staves
 + Level 7.0 Ranged Weapons
 - Level 4.0 Armour
 + Level 5.1 Dodging
 - Level 7.0 Stealth
 - Level 6.7 Spellcasting


You had 22 spell levels left.
You didn't know any spells.
Your spell library was empty.

Dungeon Overview and Level Annotations

Branches:
Dungeon (12/15)            Temple (1/1) D:6             Orc (0/2) D:9
   Lair: D:8-11

Altars:
Cheibriados
Fedhas
Gozag
Hepliaklqana
Kikubaaqudgha
Makhleb
Okawaru
Qazlal
Ru
Trog
Uskayaw
Vehumet
Wu Jian
Yredelemnul
Zin
The Shining One

Shops:
D:2 :   D:5 !   D:6 *(

Annotations:
D:5 2 runed translucent doors


Innate Abilities, Weirdness & Mutations

You cannot be hasted, slowed, berserked, paralysed or teleported.
You can dig through walls and to a lower floor.
You have a pair of large antennae on your head. (SInv)
Your four strong arms can wield two-handed weapons with a shield.


Message History

The floor.
Unknown command.
Unknown command.
You shoot an arrow. The arrow hits the manticore.
The arrow freezes the manticore.
The manticore is lightly wounded.
You shoot an arrow. The arrow closely misses the manticore.
You shoot an arrow. The arrow hits the manticore.
The arrow freezes the manticore.
The manticore is moderately wounded.
The manticore flicks its tail.
The volley of spikes hits you!
The barbed spikes become lodged in your body.
You shoot an arrow. The arrow barely misses the manticore.
You shoot an arrow.
The arrow hits the manticore but does no damage.
The manticore is moderately wounded.
You shoot an arrow. The arrow barely misses the manticore.
Your +1 orcbow of freezing stops glowing.
Your +2 dire flail of holy wrath softly glows with a divine radiance!
r - a +2 dire flail of holy wrath (weapon)
The manticore bites you but does no damage.
The manticore claws you. The manticore claws you!
You completely miss the manticore.
The manticore is moderately wounded.
The manticore completely misses you. x2; The manticore barely misses you.
You barely miss the manticore.
The manticore is moderately wounded.
You carefully extract the barbed spikes from your body.
The manticore bites you. The manticore claws you. The manticore claws you!
You barely miss the manticore.
The manticore is moderately wounded.
The manticore bites you!
* * * LOW HITPOINT WARNING * * *
The manticore closely misses you.
The manticore claws you but does no damage.
Okay, then.
Unknown command.
Unknown command.
Are you sure you want to shaft yourself?
The manticore bites you!
You die...

##....... ##....#
######...### ......
##...###.### .......
#.....#....# .(.....
#..........## .......
##...#.#.....##..#...#
#...####...#..#.#....#
##....#...##.##.....##
####...###...H.......
#..## #..@..##.#..
#### #....## ###..#
#.## ###


You could see a manticore.

Vanquished Creatures
  Pikel (D:5)
  A shadow (D:12)
  A wyvern (D:9)
  Eustachio (D:4)
  Edmund (D:4)
  An orc warrior (D:5)
  A black bear (D:6)
  4 centaurs
  A lemure (D:5)
  4 phantoms
  A kobold brigand (D:9)
  A bullfrog (D:10)
  Blork the orc (D:5)
  3 killer bees (D:6)
  3 howler monkeys
  3 jellies
  2 sleepcaps (D:5)
  3 orc priests (D:5)
  Jessica (D:3)
  Natasha (thrice) (D:2)
  5 iguanas
  An orc wizard (D:6)
  3 gnolls (D:3)
  6 adders
  A worm (D:2)
  4 dart slugs
  7 orcs
  6 bats
  7 endoplasms
  10 giant cockroaches
  3 goblins
  7 hobgoblins
  8 jackals
  4 quokkas
  3 training dummies (D:6)
  7 ball pythons
  5 frilled lizards
  12 kobolds
  3 rats
139 creatures vanquished.

Vanquished Creatures (collateral kills)
  A gnoll (D:4)
1 creature vanquished.

Grand Total: 140 creatures vanquished

Notes
Turn   | Place    | Note
-------+----------+-------------------------------------------
     0 | D:5      | juliuscaesar the Formicid Delver began the quest for the
                  | Orb.
     0 | D:5      | Reached XP level 1. HP: 18/18 MP: 1/1
     7 | D:6      | Noticed an orc warrior
     7 | D:6      | Noticed an orc wizard
     7 | D:6      | Noticed an orc priest
    36 | D:5      | Noticed a phantom
   221 | D:1      | Reached skill level 1 in Spellcasting
   245 | D:1      | Reached XP level 2. HP: 24/24 MP: 4/4
   736 | D:1      | Reached XP level 3. HP: 27/29 MP: 6/6
  1002 | D:1      | Reached skill level 1 in Staves
  1235 | D:2      | Noticed Natasha
  1243 | D:2      | Killed Natasha
  1244 | D:2      | Reached XP level 4. HP: 17/35 MP: 6/8
  1705 | D:2      | Found Seseajoi's Book Shoppe.
  1887 | D:2      | Noticed Natasha
  1897 | D:2      | Killed Natasha
  1898 | D:2      | Reached XP level 5. HP: 24/41 MP: 9/11
  1968 | D:2      | Identified the +1 leather armour "Exerch" {rPois rF- rC+++
                  | Dex+3}
  2240 | D:2      | Noticed Natasha
  2422 | D:2      | Killed Natasha
  2538 | D:3      | Noticed Jessica
  2555 | D:3      | Killed Jessica
  2637 | D:3      | Reached skill level 5 in Spellcasting
  2637 | D:3      | Reached XP level 6. HP: 36/47 MP: 13/13
  3510 | D:3      | Found a sacrificial altar of Ru.
  3622 | D:3      | Found an iron altar of Okawaru.
  3827 | D:4      | HP: 2/47 [gnoll/+0 halberd (12)]
  4041 | D:4      | Noticed Edmund
  4153 | D:4      | Noticed Eustachio
  4304 | D:4      | You are sucked into a shaft and drop 1 floor!
  4476 | D:5      | Noticed Blork the orc
  4481 | D:5      | Killed Blork the orc
  4534 | D:6      | Reached XP level 7. HP: 50/52 MP: 16/16
  4825 | D:5      | Reached skill level 1 in Ranged Weapons
  5312 | D:5      | Reached XP level 8. HP: 37/58 MP: 18/18
  5318 | D:4      | You are sucked into a shaft and drop 1 floor!
  6099 | D:4      | Killed Eustachio
  7034 | D:5      | Reached skill level 1 in Armour
  7135 | D:5      | Noticed Pikel
  7186 | D:5      | Found Fownyw's Distillery.
  7400 | D:5      | Killed Pikel
  7401 | D:5      | Reached skill level 5 in Ranged Weapons
  7401 | D:5      | Reached XP level 9. HP: 62/64 MP: 19/19
  7441 | D:5      | Found a runed translucent door.
  7444 | D:5      | Found a runed translucent door.
  7998 | D:6      | Found Musefal's Firing Range.
  8006 | D:6      | Bought a +0 triple crossbow for 130 gold pieces
  8039 | D:6      | Found Pifa's Assorted Antiques.
  8077 | D:6      | Found a staircase to the Ecumenical Temple.
  8086 | Temple   | Entered the Ecumenical Temple
  8114 | Temple   | Became a worshipper of Vehumet
  8931 | D:4      | Killed Edmund
 10244 | D:6      | You are sucked into a shaft and drop 3 floors!
 10244 | D:9      | Found a staircase to the Orcish Mines.
 10255 | D:9      | Found a glowing golden altar of the Shining One.
 10292 | D:10     | Entered Level 10 of the Dungeon
 10532 | D:10     | Reached skill level 5 in Fighting
 10613 | D:9      | Reached XP level 10. HP: 68/74 MP: 20/20
 10637 | D:10     | Reached skill level 5 in Dodging
 10755 | D:10     | You are sucked into a shaft and drop 2 floors!
 10957 | D:11     | Noticed an unseen horror
 10968 | D:11     | Noticed a gargoyle
 10990 | D:11     | You are sucked into a shaft and drop 1 floor!
 11206 | D:12     | Noticed a manticore
 11219 | D:12     | Slain by a manticore

Illustrated notes

Levels and vault maps discovered:
D:1:      nzn_arrival_settlement, layout_basic, minmay_misc_feat_diagonals,
          minmay_distorted
D:2:      layout_loops_corners, serial_shops, shop, uniq_natasha
D:3:      minmay_roachtagon, layout_loops_ring, nicolae_ru_sacrificial_ziggurat,
          marbit_many_paths, uniq_jessica
D:4:      layout_basic, grunt_tough_drop, uniq_eustachio, uniq_edmund
D:5:      lemuel_insect_pit, layout_loops_cross, serial_shops,
          nicolae_shop_stone, uniq_pikel, uniq_blork_the_orc
D:6:      layout_basic, minmay_temple_entry_grid, serial_shops,
          nicolae_shop_trees, hangedman_abyss_or_decor_slice,
          grunt_decor_resistance, nicolae_shop_firing_range
D:7:      layout_rooms, serial_shops, nicolae_shop_crystal, minmay_misc_feat_x
D:9:      layout_basic, mainiacjoe_overflow_catwalk,
          chequers_temple_overflow_minitemple, minmay_lair_entry_grove,
          nicolae_looking_at_the_future
D:10:     layout_basic, serial_library_hellmonk_octagon
D:11:     layout_roguey, gauntlet_entry_generic,
          portal_ice_cave_entry_ice_simulacra
D:12:     layout_cave_pools
Temple:   oiseaux_autumnal_temple

Skill      XL: |  1  2  3  4  5  6  7  8  9 10 |
---------------+-------------------------------+-----
Spellcasting   | 1 2 3 4 5 6 |  6.7
Staves         | 1 2 |  2.6
Dodging        | 3 4 5 |  5.1
Ranged Weapons | 2 5 6 7 |  7.0
Armour         | 2 4 |  4.0
Stealth        | 7 |  7.0
Fighting       | 5 |  5.8
Maces & Flails | |  2.0

Action                     |  1- 3 |  4- 6 |  7- 9 | 10-12 || total
---------------------------+-------+-------+-------+-------++-------
  Melee: Quarterstaff      |    72 |   163 |   194 |     5 ||   434
         Punch             |     1 |     2 |     1 |       ||     4
         Dire flail        |       |       |       |     6 ||     6
   Fire: Orcbow            |       |       |   135 |    22 ||   157
         Triple crossbow   |       |       |    25 |       ||    25
  Throw: Throwing net      |       |     4 |     2 |     1 ||     7
         Dart              |       |       |       |     2 ||     2
Ability: Shaft Self        |       |     1 |     2 |     3 ||     6
         Dig               |       |       |     1 |     3 ||     4
    Use: Scroll            |     1 |     3 |     5 |     1 ||    10
         Potion            |       |     4 |     2 |       ||     6
   Stab: Sleeping          |     8 |    15 |     2 |       ||    25
         Distracted        |       |     1 |       |       ||     1
         Held in net/web   |       |       |     2 |       ||     2
 Armour: Leather armour    |    51 |   129 |   212 |    35 ||   427
  Dodge: Dodged            |    57 |   129 |   245 |    25 ||   456

Table legend: (Time is in decaauts)
 A = Elapsed time spent in this place.
 B = Non-inter-level travel time spent in this place.
 C = Inter-level travel time spent in this place.
 D = Time resting spent in this place.
 E = Time spent auto-exploring this place.
 F = Levels seen in this place.
 G = Mean time per level.
                   A        B        C        D        E       F      G
               +--------+--------+--------+--------+--------+-----+--------+
         Total |  11372 |  10947 |    425 |   3524 |   4873 |  12 |  947.7 |
       Dungeon |  11316 |  10946 |    370 |   3524 |   4873 |  11 | 1028.7 |
        Temple |     56 |      1 |     55 |      0 |      0 |   1 |   56.0 |
               +--------+--------+--------+--------+--------+-----+--------+

Top non-repeatable levels by time:
     D:4: 2929 daAuts
     D:5: 2590 daAuts
     D:2: 1597 daAuts
     D:3: 1117 daAuts
     D:6: 1114 daAuts
     D:1: 962 daAuts
    D:12: 431 daAuts
    D:10: 323 daAuts
     D:9: 198 daAuts
  Temple: 56 daAuts
    D:11: 32 daAuts
     D:7: 18 daAuts
